 Dungeon Crawl Stone Soup version 0.22-a0-609-gfedc9ff (webtiles) character file.

180464 Amnesiac the Gelid (level 17, -2/97 HPs)
             Began as a Deep Elf Wizard on July 11, 2018.
             Was the Champion of Vehumet.
             Slain by a frost giant
             ... wielding a +1 battleaxe of freezing
              (33 damage)
             ... on level 4 of the Depths.
             The game lasted 01:25:59 (30477 turns).

Amnesiac the Gelid (Deep Elf Wizard)               Turns: 30477, Time: 01:26:00

Health: -2/97      AC:  9    Str:  4    XL:     17   Next: 64%
Magic:  35/48      EV: 19    Int: 38    God:    Vehumet [******]
Gold:   2074       SH:  5    Dex: 13    Spells: 12/48 levels left

rFire    + . .     SeeInvis +   U - staff of cold
rCold    + + +     Gourm    .   K - +0 buckler
rNeg     . . .     Faith    .   B - +1 robe {rF+}
rPois    .         Spirit   .   C - +2 helmet {SInv}
rElec    .         Reflect  .   p - scarf {rC+ rF+}
rCorr    .         Harm     .   I - +2 pair of gloves
MR       +....                  (no boots)
Stlth    ++........             R - amulet "Ethrog" {RegenMP Int+7}
HPRegen  0.26/turn              W - ring of ice
MPRegen  0.56/turn              x - ring of magical power

@: about to teleport
A: no striking features
a: Renounce Religion


You were on level 4 of the Depths.
You worshipped Vehumet.
Vehumet was exalted by your worship.
You were not hungry.

You visited 5 branches of the dungeon, and saw 23 of its levels.
You also visited: Labyrinth and Ice Cave.

You collected 2746 gold pieces.
You spent 672 gold pieces at shops.

Inventory:

Hand Weapons
 s - the +8 hunting sling of Pufyrr {velocity, *Drain Str+2 Int+3, unknown}
   (You took it off a vampire knight on level 2 of the Depths)

   Any stone fired from it inflicts extra damage.
   It affects your strength (+2).
   It affects your intelligence (+3).
   It causes draining when unequipped.
 z - the +8 glaive of the Guard {elec, +Rage AC+5 SInv}
   (You found it on level 3 of the Depths)

   Occasionally, upon striking a foe, it will discharge some electrical energy
   and cause terrible harm.
   It affects your AC (+5).
   It lets you see invisible.
   It lets you go berserk.
Armour
 l - a scarf of cloud immunity
 p - a scarf of resistance (worn)
 B - a +1 robe of fire resistance (worn)
 C - a +2 helmet of see invisible (worn)
 I - a +2 pair of gloves (worn)
 K - a +0 buckler (worn)
Magical Staves
 b - an uncursed staff of fire
 e - an uncursed staff of energy
 U - an uncursed staff of cold (weapon)
Jewellery
 x - a ring of magical power (right hand)
 R - the amulet "Ethrog" (around neck) {RegenMP Int+7}
   (You bought it in a shop on level 3 of the Depths)

   [amulet of magic regeneration]

   It increases your magic regeneration.
   It affects your intelligence (+7).
 T - an uncursed ring of flight
 W - a ring of ice (left hand)
Wands
 o - a wand of acid (1)
 t - a wand of flame (13)
 y - a wand of iceblast (63)
 D - a wand of enslavement (30)
 M - a wand of scattershot (6)
 O - a wand of disintegration (39)
 V - a wand of digging (8)
Scrolls
 f - 5 scrolls of remove curse {!r}
 g - 2 scrolls of amnesia {!r}
 h - 8 scrolls of teleportation {!r}
 j - 14 scrolls of identify {!r}
 n - 4 scrolls of enchant armour {!r}
 r - 5 scrolls of fog {!r}
 w - a scroll of acquirement {!r, unknown}
 A - a scroll of enchant weapon {!r}
 F - a scroll of holy word {!r}
 H - 2 scrolls of fear {!r}
 L - 3 scrolls of magic mapping {!r}
Potions
 c - 2 potions of cancellation {!q}
 i - 2 potions of flight {!q}
 k - a potion of resistance {!q}
 m - 3 potions of mutation {!q}
 q - 2 potions of agility {!q}
 v - 3 potions of might {!q}
 E - 4 potions of curing {!q}
 J - 2 potions of lignification {!q}
 P - 4 potions of magic {!q}
Miscellaneous
 u - a crystal ball of energy
 S - a box of beasts
Comestibles
 d - 19 rations


   Skills:
 - Level 8.0 Fighting
 - Level 12.0 Dodging
 - Level 2.4 Stealth
 - Level 4.1 Shields
 + Level 16.3 Spellcasting
 * Level 18.5 Conjurations
   Level 1.1 Summonings
 - Level 1.1 Translocations
 - Level 1.1 Fire Magic
 * Level 18.6 Ice Magic
 - Level 1.0 Earth Magic
 - Level 8.0 Evocations


You had 12 spell levels left.
You knew the following spells:

 Your Spells              Type           Power        Failure   Level  Hunger
a - Bolt of Cold          Conj/Ice       #########.   1%          6    None
d - Orb of Destruction    Conj           ########..   1%          7    ###....
e - Mephitic Cloud        Conj/Pois/Air  ######..     1%          3    None
f - Airstrike             Air            ####......   3%          4    None
g - Lightning Bolt        Conj/Air       #######...   1%          5    None
s - Conjure Flame         Conj/Fire      #######.     1%          3    None
v - Blink                 Tloc           N/A          1%          2    None
w - Iron Shot             Conj/Erth      #######...   1%          6    None

Your spell library contained the following spells:

 Spells                   Type           Power        Failure   Level  Hunger
 Cause Fear               Hex            ####......   11%         4    None
 Magic Dart               Conj           ####         0%          1    None
 Fireball                 Conj/Fire      #######...   1%          5    None
 Apportation              Tloc           #####.       1%          1    None
 Bolt of Fire             Conj/Fire      #######...   1%          6    None
 Bolt of Magma            Conj/Fire/Erth ######....   1%          5    None
 Slow                     Hex            ####....     1%          2    None
 Confuse                  Hex            ####....     3%          3    None
 Throw Frost              Conj/Ice       ######       0%          2    None
 Freezing Cloud           Conj/Ice/Air   ########..   1%          6    None
 Ring of Flames           Chrm/Fire      #####.....   100%        7    ###....
 Venom Bolt               Conj/Pois      #######...   1%          5    None
 Olgreb's Toxic Radiance  Pois           ####....     3%          4    None
 Summon Small Mammal      Summ           ####         1%          1    None
 Iskenderun's Mystic Bla  Conj           ########     0%          4    None
 Animate Skeleton         Necr           N/A          1%          1    None
 Freeze                   Ice            ####         0%          1    None
 Ozocubu's Refrigeration  Ice            #########.   1%          6    None
 Summon Ice Beast         Ice/Summ       ########     1%          4    None
 Ozocubu's Armour         Chrm/Ice       ########     1%          3    None
 Call Imp                 Summ           #####...     1%          2    None
 Sting                    Conj/Pois      ####         0%          1    None
 Spider Form              Tmut/Pois      ####......   3%          3    None
 Blade Hands              Tmut           ####......   30%         5    None
 Statue Form              Tmut/Erth      ####.....    78%         6    None
 Ice Form                 Ice/Tmut       ########     1%          4    None
 Deflect Missiles         Chrm/Air       ####......   86%         6    None
 Throw Icicle             Conj/Ice       ########     0%          4    None
 Confusing Touch          Hex            ####..       1%          1    None
 Ignite Poison            Fire/Tmut/Pois ####....     1%          3    None
 Sticks to Snakes         Tmut           ####....     1%          2    None
 Metabolic Englaciation   Hex/Ice        ########..   1%          5    None
 Silence                  Hex/Air        ####......   30%         5    None
 Shatter                  Erth           #####.....   100%        9    ######.
 Simulacrum               Ice/Necr       ########..   3%          6    None
 Petrify                  Tmut/Erth      ####....     9%          4    None
 Leda's Liquefaction      Hex/Erth       ####......   9%          4    None
 Beastly Appendage        Tmut           ####..       1%          1    None
 Fulminant Prism          Conj/Hex       #######...   1%          4    None
 Dazzling Spray           Conj/Hex       ######       1%          3    None
 Force Lance              Conj/Tloc      #######.     1%          4    None
 Searing Ray              Conj           ######       0%          2    None
 Discord                  Hex            ####......   100%        8    #####..
 Gell's Gravitas          Tloc           #####.....   1%          3    None
 Yara's Violent Unravell  Hex/Tmut       ####......   9%          5    None
 Poisonous Vapours        Pois/Air       ####..       1%          2    None
 Ignition                 Fire           #####.....   100%        8    #####..


Dungeon Overview and Level Annotations

Branches:
Dungeon (15/15)            Temple (1/1) D:4            Lair (0/6) D:8
    Orc (2/2) D:12            Elf (1/3) Orc:2        Vaults (0/5) D:14
 Depths (4/5) D:15

Altars:
Ashenzari
Cheibriados
Dithmenos
Elyvilon
Fedhas
Gozag
Hepliaklqana
Kikubaaqudgha
Makhleb
Nemelex Xobeh
Okawaru
Qazlal
Ru
Sif Muna
Trog
Uskayaw
Vehumet
Wu Jian
Xom
Yredelemnul
Zin
The Shining One
Beogh

Shops:
D:4 }   D:14 }   Orc:2 }*==   Depths:2 }   Depths:3 }==

Portals:
Hell: Depths:1 Depths:2 Depths:3
Abyss: Depths:1 Depths:3
Pandemonium: Depths:1 Depths:2 Depths:3
Ziggurat: Depths:1
Trove: D:13 (give 22 scrolls of identify)


Message History

Vehumet accepts your kill.
You feel your power returning.
Unknown command.
You start resting.
A yaktaur captain comes into view. It is wielding a whip of flaming.
Casting: Bolt of Cold (safe; 1% risk of failure)
Confirm with . or Enter, or press ? or * to list all spells.
Aiming: Bolt of Cold (safe; 1% risk of failure)
Press: ? - help, Shift-Dir - straight line, f - yaktaur captain
Aim: a yaktaur captain, wielding a whip of flaming You feel a strong surge of power!
The bolt of cold hits the yaktaur captain.
The yaktaur captain is almost dead.
The yaktaur captain unwields an uncursed whip of flaming.
It stops flaming.
The yaktaur captain wields an arbalest.
The yaktaur captain shoots a bolt.
The bolt hits you!
A fire giant comes into view.
It is wielding a great sword of flaming.
An ettin comes into view. It is wielding two dire flails.
The yaktaur captain unwields an uncursed arbalest.
The yaktaur captain wields an uncursed whip of flaming.
It bursts into flame!
The yaktaur captain hits you with an uncursed whip of flaming!!
* * * LOW HITPOINT WARNING * * *
The yaktaur captain burns you.
* * * LOW HITPOINT WARNING * * *
Casting: Bolt of Cold (safe; 1% risk of failure)
Confirm with . or Enter, or press ? or * to list all spells.
Aiming: Bolt of Cold (safe; 1% risk of failure)
Press: ? - help, Shift-Dir - straight line, f/p - yaktaur captain
Aim: a yaktaur captain, wielding a whip of flaming (severely wounded)
You feel a strong surge of power!
The bolt of cold hits the yaktaur captain.
You kill the yaktaur captain!
Vehumet accepts your kill.
You feel your power returning.
You see here a bolt.
A frost giant comes into view. It is wielding a battleaxe of freezing.
Things that are here:
a very ugly thing corpse; an ugly thing corpse The frost giant points at you and mumbles some strange words.
The bolt of cold hits you! You resist.
* * * LOW HITPOINT WARNING * * *
You hear a shout!
Items here: ))) †† a giant club; a giant spiked club x2; an ogre corpse; a two-headed ogre corpse
Okay, then.
The frost giant points at you and mumbles some strange words.
The bolt of cold hits you! You resist.
* * * LOW HITPOINT WARNING * * *
You see here a battleaxe of freezing.
The frost giant points at you and mumbles some strange words.
The bolt of cold hits you! You resist.
* * * LOW HITPOINT WARNING * * *
Really read
H - 3 scrolls of fear {!r}?
As you read the scroll of fear {!r}, it crumbles to dust.
You assume a fearsome visage.
The fire giant looks frightened!
The frost giant resists with some effort.
The ettin looks frightened!
Really read
h - 9 scrolls of teleportation {!r}?
As you read the scroll of teleportation {!r}, it crumbles to dust.
You feel strangely unstable.
A two-headed ogre comes into view.
It is wielding a giant spiked club and a dire flail of holy wrath.
The frost giant hits you with a battleaxe of freezing!!
You die...

#.# ##.. ##.# #... # ...# #...
####.# .### ... #.O..# '#####
.. #(##'#####+##### C....# #'
#.#............# .....#
#)######.O............# .....#
#..C†C).C#†....O......# ##...#
########@#.....O.....<#
#....###########.#.[)..<......#
.#...'...C.......#............+
##...#############............#
.....# #............# ######
##############


You could see a frost giant, a fire giant (fleeing), an ettin (fleeing), a
two-headed ogre and an ogre.

Vanquished Creatures
  2 juggernauts
  Saint Roka (Depths:1)
  Jorgrun (Depths:3)
  A lich (Depths:3)
  A quicksilver dragon (Depths:4)
  4 sphinxes
  3 fire giants
  7 frost giants
  2 iron dragons (Depths:3)
  A balrug (Depths:1)
  2 orc warlords (Orc:1)
  4 very ugly things
  7 stone giants
  3 vampire knights
  A minotaur (Lab)
  A merfolk javelineer (Depths:3)
  5 fire dragons
  7 ettins
  4 spark wasps
  3 ogre magi
  Josephine (Orc:1)
  A great orb of eyes (Depths:3)
  A hydra (shapeshifter) (D:15)
  4 yaktaur captains
  6 hydras
  A rakshasa (Depths:3)
  Erica (D:8)
  A spriggan air mage (Depths:1)
  2 centaur warriors
  8 two-headed ogres
  A death yak (IceCv)
  A vampire mage (Depths:2)
  A dancing weapon (Orc:2)
  A deep troll shaman (Depths:3)
  2 spriggan berserkers
  2 tengu warriors
  3 deep troll earth magi
  An orc high priest (Orc:2)
  2 iron trolls (Depths:3)
  3 sun demons
  4 skeletal warriors
  An unseen horror (D:15)
  3 hell knights (Depths:2)
  11 deep trolls
  3 torturous demonspawn (Depths:2)
  A shadow demon (Depths:2)
  2 harpies (Depths:2)
  3 wizards
  2 glowing orange brains
  Pikel (D:7)
  A flayed ghost (Depths:4)
  A lindwurm (D:14)
  An orc knight (Orc:1)
  2 phantasmal warriors (Depths:2)
  22 ugly things
  5 necromancers
  4 orc sorcerers (Orc:2)
  10 manticores
  4 cyclopes
  7 deep elf magi
  A centaur zombie (D:13)
  A guardian serpent (shapeshifter) (Depths:1)
  An ice statue (IceCv)
  Psyche (D:9)
  The ghost of Zgarb the Caller, a novice VSSu of Kikubaaqudgha (D:7)
  18 yaktaurs
  2 rime drakes (Orc:1)
  A freezing wraith (D:14)
  3 kobold demonologists
  A tengu conjurer (Depths:3)
  A merfolk (shapeshifter) (D:15)
  6 trolls
  15 polar bears (IceCv)
  A hornet (D:15)
  18 slime creatures
  4 hippogriffs
  2 meliai zombies (D:13)
  Sigmund (D:6)
  6 shadows (D:13)
  A centaur simulacrum (D:14)
  4 vampires
  5 water elementals
  4 flying skulls
  30 yaks
  2 wyverns
  Eustachio (D:5)
  3 wraiths (Orc:1)
  2 hungry ghosts
  Grum (D:8)
  2 steam dragons (D:9)
  A basilisk (D:10)
  4 vampire mosquitoes
  5 wargs
  A hell hound (Depths:2)
  A water moccasin (D:10)
  A hornet zombie (D:15)
  33 orc warriors
  A swamp drake (shapeshifter) (Depths:2)
  3 ice beasts
  2 slaves (D:7)
  3 sky beasts
  A black bear (D:12)
  An eye of draining (D:11)
  14 ogres
  3 phantoms
  A boggart (Depths:2)
  11 centaurs
  18 wolves
  3 crocodiles
  3 big kobolds
  11 bullfrogs
  2 wyvern zombies (D:13)
  2 wyvern skeletons (D:13)
  15 killer bees
  4 wights
  4 howler monkeys
  7 crimson imps
  A lava snake (D:10)
  3 quasits
  3 iron imps (Depths:2)
  5 jellies
  6 bullfrog skeletons
  6 hounds
  4 bullfrog zombies
  30 orc priests
  8 centaur skeletons
  4 iguanas
  43 orc wizards
  Terence (D:3)
  8 worker ants
  A hound zombie (D:8)
  7 adders
  6 shadow imps
  A white imp (Depths:2)
  3 adder zombies
  An adder skeleton (D:8)
  8 worms
  2 dart slugs
  10 leopard geckos
  107 orcs
  8 giant cockroaches
  11 goblins
  5 hobgoblins
  13 jackals
  2 quokkas (D:7)
  11 bats
  7 frilled lizards
  19 kobolds
  A leopard gecko zombie (D:9)
  7 rats
837 creatures vanquished.

Vanquished Creatures (others)
  Edmund (D:6)
  2 slaves (D:8)
  2 wights (D:6)
  A bush (D:15)
  5 plants (D:8)
11 creatures vanquished.

Grand Total: 848 creatures vanquished

Notes
Turn   | Place    | Note
-------+----------+-------------------------------------------
     0 | D:1      | Amnesiac the Deep Elf Wizard began the quest for the Orb.
     0 | D:1      | Reached XP level 1. HP: 10/10 MP: 7/7
   137 | D:2      | Reached XP level 2. HP: 16/16 MP: 5/9
   139 | D:2      | Reached skill level 1 in Fighting
   238 | D:2      | Learned a level 2 spell: Blink
   241 | D:2      | Learned a level 2 spell: Call Imp
   298 | D:2      | Noticed a crimson imp
   519 | D:4      | Reached XP level 3. HP: 17/21 MP: 4/11
   524 | D:4      | Learned a level 3 spell: Conjure Flame
   528 | D:4      | Learned a level 3 spell: Mephitic Cloud
   557 | D:4      | Found a staircase to the Ecumenical Temple.
   580 | Temple   | Entered the Ecumenical Temple
   647 | Temple   | Became a worshipper of Vehumet
  1084 | D:2      | Reached XP level 4. HP: 23/27 MP: 7/12
  1908 | D:3      | Reached * piety under Vehumet
  1908 | D:3      | Offered knowledge of Freeze by Vehumet.
  1911 | D:3      | Learned a level 1 spell: Freeze
  1920 | D:3      | Reached XP level 5. HP: 31/31 MP: 2/13
  2234 | D:3      | Noticed Terence
  2247 | D:3      | Killed Terence
  2247 | D:3      | Reached skill level 1 in Ice Magic
  2781 | D:4      | Reached XP level 6. HP: 24/36 MP: 4/14
  3113 | D:4      | Offered knowledge of Sting by Vehumet.
  3118 | D:4      | Reached ** piety under Vehumet
  3121 | D:4      | Reached skill level 5 in Spellcasting
  3160 | D:4      | Reached XP level 7. HP: 20/40 MP: 0/16
  3422 | D:4      | Found an iron altar of Okawaru.
  3445 | D:4      | Found Sur Inn's Gadget Shop.
  3461 | D:4      | Reached skill level 5 in Ice Magic
  3467 | D:4      | Reached skill level 5 in Conjurations
  3822 | D:5      | Entered Level 5 of the Dungeon
  4083 | D:5      | Found a white marble altar of Elyvilon.
  4088 | D:5      | Found an opulent altar of Gozag.
  4088 | D:5      | Found a basalt altar of Yredelemnul.
  4092 | D:5      | Found an ancient bone altar of Kikubaaqudgha.
  4093 | D:5      | Found an ornate altar of the Wu Jian Council.
  4300 | D:6      | Noticed Eustachio
  4310 | D:6      | Killed Edmund
  4626 | D:5      | Killed Eustachio
  4800 | D:6      | Reached XP level 8. HP: 14/45 MP: 1/18
  5221 | D:6      | Noticed Sigmund
  5232 | D:6      | Killed Sigmund
  5358 | D:7      | Offered knowledge of Static Discharge by Vehumet.
  5530 | D:7      | Found a runed door.
  5530 | D:7      | Noticed Zgarb's ghost (novice VSSu)
  5729 | D:7      | Killed Zgarb's ghost
  5813 | D:7      | Reached XP level 9. HP: 49/49 MP: 22/22
  6253 | D:8      | Reached *** piety under Vehumet
  6273 | D:8      | Noticed Pikel
  6288 | D:8      | Noticed Grum
  6378 | D:7      | Killed Pikel
  6847 | D:8      | Offered knowledge of Fulminant Prism by Vehumet.
  6861 | D:8      | Noticed a two-headed ogre
  6878 | D:8      | Killed a two-headed ogre
  6878 | D:8      | Reached XP level 10. HP: 41/54 MP: 15/24
  6892 | D:8      | Noticed Erica
  6908 | D:8      | Killed Erica
  6908 | D:8      | Reached skill level 10 in Conjurations
  6908 | D:8      | Reached skill level 10 in Ice Magic
  7065 | D:8      | Killed Grum
  7270 | D:8      | Reached **** piety under Vehumet
  7608 | D:8      | Found a staircase to the Lair.
  7636 | D:9      | Noticed a two-headed ogre
  7925 | D:9      | Noticed Psyche
  7941 | D:9      | Killed Psyche
  8126 | D:9      | Killed a two-headed ogre
  8126 | D:9      | Offered knowledge of Lightning Bolt by Vehumet.
  8126 | D:9      | Reached skill level 10 in Spellcasting
  8133 | D:9      | Learned a level 5 spell: Lightning Bolt
  8676 | D:10     | Entered Level 10 of the Dungeon
  8724 | D:10     | Noticed a manticore
  8733 | D:10     | Killed a manticore
  8823 | D:10     | Reached XP level 11. HP: 58/58 MP: 25/27
  9153 | D:10     | Got an uncursed scorched mace {flame}
  9163 | D:10     | Identified the +12 mace of Peace {flame, Dex+7 Stlth+} (You took it off a centaur on level 10 of the Dungeon)
  9620 | D:11     | Reached ***** piety under Vehumet
  9620 | D:11     | Offered knowledge of Iron Shot by Vehumet.
  9630 | D:11     | Learned a level 6 spell: Iron Shot
  9995 | D:11     | Got a brightly glowing battleaxe
 10022 | D:11     | Identified the +4 battleaxe of Guile {chop, rN+ Str+4 Int+3} (You found it on level 11 of the Dungeon)
 11061 | D:12     | Reached skill level 1 in Shields
 11290 | D:12     | Noticed a two-headed ogre
 11344 | D:12     | Killed a two-headed ogre
 11694 | D:12     | Reached skill level 1 in Fire Magic
 12322 | D:12     | Offered knowledge of Airstrike by Vehumet.
 12386 | D:12     | Found a staircase to the Orcish Mines.
 12410 | D:12     | Learned a level 4 spell: Airstrike
 12697 | D:13     | Noticed a skeletal warrior
 13174 | D:12     | Killed a skeletal warrior
 13350 | D:13     | Reached skill level 5 in Dodging
 13377 | D:13     | Reached XP level 12. HP: 66/66 MP: 15/29
 14143 | D:13     | Reached skill level 5 in Fighting
 14893 | D:13     | Found a portal to a secret trove of treasure.
 15708 | Orc:1    | Entered Level 1 of the Orcish Mines
 15738 | D:12     | Offered knowledge of Bolt of Cold by Vehumet.
 15751 | D:12     | Learned a level 6 spell: Bolt of Cold
 15888 | Orc:1    | Reached skill level 10 in Dodging
 15889 | Orc:1    | Noticed an orc warlord
 15996 | Orc:1    | Found a frozen archway.
 16005 | IceCv    | Entered an ice cave
 16013 | IceCv    | Reached XP level 13. HP: 27/76 MP: 23/30
 17708 | IceCv    | Noticed a frost giant
 17834 | IceCv    | Killed a frost giant
 18215 | Orc:1    | Killed an orc warlord
 18506 | Orc:1    | Found a roughly hewn altar of Beogh.
 18511 | Orc:1    | Noticed Josephine
 18522 | Orc:1    | Noticed an orc warlord
 18525 | Orc:1    | Killed Josephine
 18529 | Orc:1    | Offered knowledge of Iskenderun's Battlesphere by Vehumet.
 18757 | Orc:1    | Killed an orc warlord
 19027 | Orc:2    | Entered Level 2 of the Orcish Mines
 19667 | Orc:2    | Reached skill level 1 in Evocations
 20029 | Orc:2    | Found Bynesk's General Store.
 20029 | Orc:2    | Found Heiclych's Gadget Shoppe.
 20029 | Orc:2    | Found Emoff's Jewellery Emporium.
 20033 | Orc:2    | Found Zurar's Jewellery Emporium.
 20167 | Orc:2    | Found a staircase to the Elven Halls.
 20329 | Orc:2    | Reached XP level 14. HP: 84/84 MP: 9/32
 20550 | Orc:2    | Found a burning altar of Makhleb.
 20890 | Elf:1    | Entered Level 1 of the Elven Halls
 20903 | Orc:2    | Reached skill level 5 in Evocations
 21098 | D:14     | Found Icwafoss's Gadget Shop.
 21555 | D:14     | Found a gate to the Vaults.
 21690 | D:14     | Offered knowledge of Orb of Destruction by Vehumet.
 21720 | D:14     | Learned a level 7 spell: Orb of Destruction
 22094 | D:15     | Entered Level 15 of the Dungeon
 22246 | D:15     | Found a staircase to the Depths.
 22452 | D:15     | Found a labyrinth entrance.
 22464 | Lab      | Entered a labyrinth
 23153 | D:15     | Reached skill level 1 in Earth Magic
 23440 | Depths:1 | Entered Level 1 of the Depths
 23806 | Depths:1 | Noticed a stone giant
 23819 | Depths:1 | Killed a stone giant
 24020 | Depths:1 | Reached XP level 15. HP: 78/88 MP: 34/34
 24327 | Depths:1 | Found a gateway to Hell.
 24366 | Depths:1 | Found a one-way gate to the infinite horrors of the Abyss.
 24407 | Depths:1 | Found a gateway to a ziggurat.
 24740 | Depths:1 | Noticed Saint Roka
 24750 | Depths:1 | Offered knowledge of Poison Arrow by Vehumet.
 24750 | Depths:1 | Killed Saint Roka
 24750 | Depths:1 | Reached skill level 15 in Conjurations
 24750 | Depths:1 | Reached skill level 15 in Ice Magic
 24955 | Depths:1 | Found a one-way gate leading to the halls of Pandemonium.
 25401 | Depths:2 | Found Anasih's Gadget Shoppe.
 25740 | Depths:2 | HP: 4/88 [poisoned by a green very ugly thing]
 25746 | Depths:2 | HP: 4/88 [poisoned by a green very ugly thing]
 25754 | Depths:2 | HP: 4/88 [poisoned by a green very ugly thing]
 26211 | Depths:2 | Paralysed by a vampire knight for 5 turns
 26415 | Depths:2 | Noticed a sphinx
 26418 | Depths:2 | Killed a sphinx
 26509 | Depths:2 | Got a warped hunting sling
 26550 | Depths:2 | Noticed a juggernaut
 26560 | Depths:2 | Killed a juggernaut
 26560 | Depths:2 | Reached XP level 16. HP: 93/93 MP: 11/36
 26635 | Depths:2 | Noticed a sphinx
 26638 | Depths:2 | Killed a sphinx
 27142 | Depths:2 | Noticed a sphinx
 27145 | Depths:2 | Killed a sphinx
 27469 | Depths:3 | Identified a paperback manual
 27502 | Depths:3 | Noticed a sphinx
 27505 | Depths:3 | Killed a sphinx
 27505 | Depths:3 | Reached skill level 15 in Spellcasting
 27658 | Depths:3 | Noticed Jorgrun
 27663 | Depths:3 | Killed Jorgrun
 27774 | Depths:3 | Reached ****** piety under Vehumet
 27775 | Depths:3 | Offered knowledge of Conjure Ball Lightning by Vehumet.
 28215 | Depths:3 | Found Honefrem's Gadget Emporium.
 28215 | Depths:3 | Found Efadd's Jewellery Boutique.
 28216 | Depths:3 | Found Fytics's Jewellery Boutique.
 28226 | Depths:3 | Bought the amulet "Ethrog" {RegenMP Int+7} for 672 gold pieces
 28284 | Depths:3 | Found the +6 lightning scales {run, rElec}
 28343 | Depths:3 | Noticed a lich
 28350 | Depths:3 | Killed a lich
 29125 | Depths:3 | Reached XP level 17. HP: 65/97 MP: 37/38
 29305 | Depths:3 | Noticed a juggernaut
 29310 | Depths:3 | Killed a juggernaut
 29671 | Depths:3 | Found the +8 glaive of the Guard {elec, +Rage AC+5 SInv}
 30082 | Depths:4 | Noticed a quicksilver dragon
 30087 | Depths:4 | Killed a quicksilver dragon
 30477 | Depths:4 | Slain by a frost giant

Vault maps used:
D:1:      minmay_arrival_checkered_box, hangedman_decor_riveting, minmay_vboxes
D:3:      serial_undead, serial_undead_b, serial_undead_d, serial_undead_b,
          serial_undead_a, uniq_terence
D:4:      kennysheep_okawaru_gauntlet, temple_statues, serial_shops, shop,
          first_ration, minmay_fountain_box
D:5:      minitemple, serial_glass, glass_columns_a, glass_columns_b
D:6:      lemuel_flamethrower_2, uniq_edmund, uniq_eustachio, uniq_sigmund
D:7:      ebering_ghost_reflecting_pool
D:8:      lair_entry_dummy, grunt_ogre_cave, minmay_lizard_king, uniq_erica,
          uniq_pikel, uniq_grum
D:9:      cheibrodos_steamvent, uniq_psyche
D:10:     minmay_bloctagon_deflated, serial_park_tiny_pond,
          kennysheep_flooded_box
D:11:     serial_co_window_serial, co_window_cross_1, co_window_paths_a,
          co_window_corner_a, co_window_corner_a, co_window_paths_a,
          co_window_corner_a, co_window_unsneaky_path_c, co_window_corner_b,
          co_window_cross_3, glass_columns_b, glass_columns_a, glass_columns_a,
          glass_columns_b, glass_columns_a
D:12:     hiddenorc1_lemuel, minivault_27
D:13:     hangedman_screamer, nicolae_trove_entry_columns
D:14:     david_vaults_4, serial_shops, nicolae_shop_window_shopping
D:15:     grunt_enter_depths_magical_seal, serial_park_square2,
          lab_entry_generic, hive_lemuel
Temple:   nicolae_temple_elliptical
Orc:1:    basic_altar, portal_ice_cave_rime, uniq_josephine
Orc:2:    st_orc_mages, basic_altar
Elf:1:    eino_elf_arrival_shootout, serial_shops, shop, minivault_28,
          uniq_roxanne
Depths:1: enter_ziggurat_b, lightli_too_deep, pan_entry, abyss_entry,
          serial_bayou_shore_b, hangedman_abyss_or_decor_stagger,
          kennysheep_nub, kennysheep_generic_room_16, uniq_saint_roka
Depths:2: nooodl_glass_maze, pf_vacation_house_of_asmodeus, serial_shops, shop,
          grunt_pan_entry_zigzag, special_room
Depths:3: minmay_guarded_unrand_guard, abyss_entry, hell_entry, pan_entry,
          minmay_crystal_water, minmay_shop_grove, basic_stair_grate_trap,
          infiniplex_staircase_river, uniq_jorgrun
Depths:4: minmay_heptahexagon, serial_glass, glass_columns_a, glass_columns_c,
          minmay_misc_feat_tiny, abyss_entry, hangedman_coc_ice_floe
Lab:      labyrinth_hidden_loot
IceCv:    ice_cave_caverns_02

Skill      XL: |  1  2  3  4  5  6  7  8  9 10 11 12 13 14 15 16 17 |
---------------+----------------------------------------------------+-----
Fighting       | 1 2 3 7 8 |  8.0
Conjurations   | 2 3 4 6 8 9 11 12 13 14 16 17 18 | 18.5
Ice Magic      | 3 4 6 7 9 11 12 13 14 16 17 18 | 18.6
Spellcasting   | 5 7 8 10 11 12 13 14 15 16 | 16.3
Shields        | 4 |  4.1
Fire Magic     | 1 |  1.1
Dodging        | 5 10 12 | 12.0
Evocations     | 4 8 |  8.0
Earth Magic    | 1 |  1.0
Stealth        | |  2.4
Summonings     | |  1.1
Translocations | |  1.1

Action                   |  1- 3 |  4- 6 |  7- 9 | 10-12 | 13-15 | 16-18 || total
-------------------------+-------+-------+-------+-------+-------+-------++-------
Melee: Dagger            |     5 |    18 |    36 |       |       |       ||    59
       Unarmed           |       |       |     1 |       |       |       ||     1
       Staff             |       |       |       |     3 |    57 |     3 ||    63
       Mace              |       |       |       |   100 |    25 |       ||   125
 Cast: Magic Dart        |    89 |   124 |   101 |    95 |       |       ||   409
       Freeze            |       |    48 |   156 |   189 |       |       ||   393
       Conjure Flame     |       |     2 |    18 |    14 |       |       ||    34
       Mephitic Cloud    |       |       |    17 |     9 |       |       ||    26
       Call Imp          |       |       |     5 |       |       |       ||     5
       Blink             |       |       |     3 |     7 |     2 |       ||    12
       Lightning Bolt    |       |       |       |    95 |    11 |     2 ||   108
       Iron Shot         |       |       |       |   104 |    23 |    15 ||   142
       Bolt of Cold      |       |       |       |    14 |   335 |   148 ||   497
       Orb of Destructio |       |       |       |       |    24 |    15 ||    39
Evoke: Wand              |       |       |     2 |     4 |     2 |       ||     8
  Use: Potion            |       |     3 |     2 |     7 |     2 |     4 ||    18
       Scroll            |       |     2 |     8 |     1 |    10 |     8 ||    29
 Stab: Sleeping          |       |       |     4 |     1 |       |       ||     5
       Confused          |       |       |       |     1 |       |       ||     1
  Eat: Chunk             |       |     7 |    11 |    38 |    72 |    12 ||   140
       Ration            |       |       |       |     9 |    11 |     3 ||    23
Armor: Robe              |     7 |     6 |    31 |   115 |    36 |     3 ||   198
Dodge: Dodged            |    19 |    51 |   160 |   389 |   178 |    14 ||   811
Block: Buckler           |       |       |       |    87 |    57 |     8 ||   152

Table legend:
 A = Spawn XP
 B = Non-spawn XP
 C = Spawn XP percentage of total XP
 D = Spawn monster count
 E = Non-spawn monster count
 F = Spawn count percentage of total count
 G = Total turns spent on level
                    A         B        C        D         E        F      G
               +---------+---------+-------+---------+---------+-------+---------
         Total |       0 |  263661 |   0.0 |       0 |     835 |   0.0 | 30477
               +---------+---------+-------+---------+---------+-------+---------
           D:1 |       0 |      99 |   0.0 |       0 |      28 |   0.0 |   788
           D:2 |       0 |      59 |   0.0 |       0 |      19 |   0.0 |   784
           D:3 |       0 |      90 |   0.0 |       0 |      22 |   0.0 |   905
           D:4 |       0 |     605 |   0.0 |       0 |      30 |   0.0 |  1261
           D:5 |       0 |     373 |   0.0 |       0 |       8 |   0.0 |   750
           D:6 |       0 |     956 |   0.0 |       0 |      13 |   0.0 |   883
           D:7 |       0 |    1522 |   0.0 |       0 |      21 |   0.0 |   959
           D:8 |       0 |    3969 |   0.0 |       0 |      47 |   0.0 |  1431
           D:9 |       0 |    2578 |   0.0 |       0 |      19 |   0.0 |   831
          D:10 |       0 |    2340 |   0.0 |       0 |      30 |   0.0 |   916
          D:11 |       0 |    3393 |   0.0 |       0 |      40 |   0.0 |  1862
          D:12 |       0 |    6660 |   0.0 |       0 |      54 |   0.0 |  2949
          D:13 |       0 |   12112 |   0.0 |       0 |      55 |   0.0 |  1676
          D:14 |       0 |    9650 |   0.0 |       0 |      30 |   0.0 |  1029
          D:15 |       0 |   22139 |   0.0 |       0 |      50 |   0.0 |  1036
         Orc:1 |       0 |   10716 |   0.0 |       0 |      62 |   0.0 |  1280
         Orc:2 |       0 |    8261 |   0.0 |       0 |      70 |   0.0 |  1603
      Depths:1 |       0 |   21438 |   0.0 |       0 |      34 |   0.0 |  1828
      Depths:2 |       0 |   56753 |   0.0 |       0 |      75 |   0.0 |  2458
      Depths:3 |       0 |   60221 |   0.0 |       0 |      54 |   0.0 |  2429
      Depths:4 |       0 |   25491 |   0.0 |       0 |      21 |   0.0 |   314
           Lab |       0 |    1239 |   0.0 |       0 |       1 |   0.0 |   318
         IceCv |       0 |   12997 |   0.0 |       0 |      52 |   0.0 |  2098
               +---------+---------+-------+---------+---------+-------+---------
